 Dungeon Crawl Stone Soup version 0.18-a0-946-g3ac5b32 (webtiles) character file.

171 filipzpl the Magician (level 5, -6/28 HPs)
             Began as a Deep Elf Wizard on Dec 29, 2015.
             Killed by divine providence
             ... invoked by an orc priest
              (13 damage)
             ... on level 3 of the Dungeon.
             The game lasted 00:11:48 (3283 turns).

filipzpl the Magician (Deep Elf Wizard)             Turns: 3283, Time: 00:11:48

Health: -6/28      AC:  4    Str:  4    XL:     5   Next: 26%
Magic:  7/15       EV: 12    Int: 24    God:
Gold:   136        SH:  0    Dex: 13    Spells: 4 memorised, 6 levels left

rFire  . . .     SeeInvis +     m - +3 quarterstaff (chaos)
rCold  . . .     Gourm    .     a - +0 robe
rNeg   . . .     Faith    .     (shield currently unavailable)
rPois  .         Spirit   .     b - +1 hat
rElec  .         Dismiss  .     n - +0 cloak
rCorr  .         Reflect  .     (no gloves)
SustAt .         Harm     .     (no boots)
MR     .....                    (no amulet)
Stlth  ++........               (no ring)
                                h - ring of see invisible

@: not resistant to hostile enchantments, unstealthy
A: no striking features
a: no special abilities


You were on level 3 of the Dungeon.
You were near starving.

You visited 1 branch of the dungeon, and saw 3 of its levels.

You collected 136 gold pieces.

Inventory:

Hand Weapons
 m - a +3 quarterstaff of chaos (weapon)
Armour
 a - a +0 robe (worn)
 b - a +1 hat (worn)
 n - a +0 cloak (worn)
Jewellery
 h - a ring of see invisible (left hand)
 o - an uncursed ring of protection from fire {unknown}
Scrolls
 e - 4 scrolls of identify
 k - 2 scrolls of remove curse {unknown}
Potions
 f - a potion of ambrosia {unknown}
 g - a potion of degeneration {unknown}
 i - 2 potions of curing {unknown}
 l - a potion of poison {unknown}
 p - a potion of might {unknown}
Books
 c - a book of Minor Magic

   Spells                             Type                      Level
   a - Magic Dart                     Conjuration                  1
   b - Blink                          Translocation                2
   c - Call Imp                       Summoning                    2
   d - Repel Missiles                 Charms/Air                   2
   e - Slow                           Hexes                        2
   f - Conjure Flame                  Conjuration/Fire             3
   g - Mephitic Cloud                 Conjuration/Poison/Air       3
Comestibles
 d - 3 bread rations
 j - a meat ration


   Skills:
 - Level 2.4 Dodging
 - Level 2.4 Stealth
 - Level 5.7 Spellcasting
 - Level 3.4 Conjurations
   Level 1.1 Summonings
 * Level 2.1 Translocations
 - Level 2.4 Fire Magic


You had 6 spell levels left.
You knew the following spells:

 Your Spells              Type           Power        Failure   Level  Hunger
a - Magic Dart            Conj           ###.         1%          1    None
b - Conjure Flame         Conj/Fire      ###.....     10%         3    #......
c - Mephitic Cloud        Conj/Pois/Air  ##......     17%         3    #......
d - Blink                 Tloc           N/A          6%          2    None


Dungeon Overview and Level Annotations

Branches:
Dungeon (3/15)

Altars:
Qazlal
Trog


Message History

* * * LOW HITPOINT WARNING * * *
The orc hits you but does no damage.
Casting: Mephitic Cloud
Confirm with . or Enter, or press ? or * to list all spells.
Aiming: Mephitic Cloud
Press: ? - help, Shift-Dir - straight line, p - orc priest That beam is likely to hit you.
Continue anyway?
Okay, then.
Casting: Mephitic Cloud
Confirm with . or Enter, or press ? or * to list all spells.
You blink.
Casting: Blink
Confirm with . or Enter, or press ? or * to list all spells.
You blink.
Casting: Blink
Confirm with . or Enter, or press ? or * to list all spells.
You blink.
The orc priest mumbles some strange prayers to Beogh against you.
Something smites you!
You die...

#.######.##
#.# ....#
#.# #.#
#.#.# #.#
#.# #.#.#
#.# #.#
#.#.# #.#
... #.#..
#.# #.#
#.### #.#
#.# ..#
#.########[#
###
#...§o.o.@.#
############


You could see an orc priest and an orc.

Vanquished Creatures
  Crazy Yiuf (D:2)
  An iguana (D:1)
  Robin (D:2)
  3 adders
  An ooze (D:1)
  3 worms
  A giant gecko (D:1)
  3 orcs (D:3)
  A ball python (D:2)
  5 giant cockroaches
  2 hobgoblins (D:1)
  A jackal (D:2)
  12 kobolds
  A quokka (D:1)
  7 bats
  7 giant newts
  14 goblins
  6 rats
70 creatures vanquished.

Notes
Turn   | Place    | Note
--------------------------------------------------------------
     0 | D:1      | filipzpl the Deep Elf Wizard began the quest for the Orb.
     0 | D:1      | Reached XP level 1. HP: 10/10 MP: 7/7
   395 | D:1      | Reached XP level 2. HP: 13/15 MP: 6/9
   554 | D:1      | Reached skill level 5 in Spellcasting
  1175 | D:1      | Reached XP level 3. HP: 19/19 MP: 4/12
  1350 | D:1      | Learned a level 3 spell: Conjure Flame
  1354 | D:1      | Learned a level 3 spell: Mephitic Cloud
  1357 | D:1      | Learned a level 2 spell: Blink
  1604 | D:2      | Found a stormy altar of Qazlal.
  1654 | D:2      | Reached XP level 4. HP: 24/24 MP: 10/13
  1717 | D:2      | Noticed Crazy Yiuf
  1820 | D:2      | Killed Crazy Yiuf
  1820 | D:2      | Reached skill level 1 in Fire Magic
  1974 | D:2      | Found a bloodstained altar of Trog.
  2016 | D:2      | Noticed Robin
  2032 | D:2      | Killed Robin
  2375 | D:2      | Reached XP level 5. HP: 28/28 MP: 13/15
  3283 | D:3      | Killed from afar by an orc priest

Vault maps used:
D:1:      saegor_arrival_simple_b
D:2:      bloody_trog, lemuel_doored_altar, lightli_corner_chamber,
          uniq_crazy_yiuf_cottage, uniq_robin
D:3:      minitemple, lemuel_coloured_pillars_altar, first_bread

Action                   |  1- 3 |  4- 6 || total
-------------------------+-------+-------++-------
Melee: Unarmed           |     3 |       ||     3
       Quarterstaff      |       |    27 ||    27
 Cast: Magic Dart        |    65 |    62 ||   127
       Blink             |       |     6 ||     6
       Conjure Flame     |       |     2 ||     2
       Mephitic Cloud    |       |     1 ||     1
  Use: Scroll            |       |     3 ||     3
 Stab: Petrifying        |       |     1 ||     1
  Eat: Chunk             |     2 |     2 ||     4
       Beef jerky        |       |     1 ||     1
